 Dungeon Crawl Stone Soup version 0.17.0-22-g5edae84 (console) character file.

45 gw the Insei (level 3, -1/31 HPs)
             Began as a Draconian Monk on Nov 12, 2015.
             Slain by a worm (3 damage)
             ... on level 2 of the Dungeon.
             The game lasted 00:00:53 (880 turns).

gw the Insei (Draconian Monk)                        Turns: 880, Time: 00:00:53

Health: -1/31      AC:  5    Str: 13    XL:     3   Next: 42%
Magic:  3/3        EV: 13    Int: 10    God:
Gold:   21         SH:  0    Dex: 14    Spells: 0 memorised, 2 levels left

rFire  . . .     SeeInvis .       - Unarmed
rCold  . . .     Clarity  .     (armour unavailable)
rNeg   . . .     SustAt   .     (no shield)
rPois  .         Gourm    .     (helmet restricted)
rElec  .         Spirit   .     (no cloak)
rCorr  .         Warding  .     (no gloves)
rMut   .         Stasis   .     (no boots)
MR     .....                    (no amulet)
Stlth  ++........               (no ring)
                                (no ring)

@: not resistant to hostile enchantments, unstealthy
A: unfitting armour, cold-blooded, AC +5
a: no special abilities


You were on level 2 of the Dungeon.
You were not hungry.

You visited 1 branch of the dungeon, and saw 2 of its levels.

You collected 21 gold pieces.

Inventory:

Missiles
 b - 7 stones (quivered)
 c - 4 curare-tipped needles
 d - 21 poisoned needles
Comestibles
 a - a bread ration


   Skills:
 + Level 3.5 Fighting
 + Level 1.0 Throwing
 + Level 3.1 Dodging
 - Level 1.7 Stealth
 * Level 4.5 Unarmed Combat


You had 2 spell levels left.
You didn't know any spells.

Dungeon Overview and Level Annotations

Branches:
Dungeon (2/15)

Altars:


Innate Abilities, Weirdness & Mutations

Your plain brown scales are hard (AC +5).
Your body does not fit into most forms of armour.
You are cold-blooded and may be slowed by cold attacks.


Message History

You hit the worm.
The worm is lightly wounded.
The worm barely misses you.
Unknown command.
Unknown command.
Unknown command.
Unknown command.
ATTACKING (1,0)
You punch the worm!
You tail-slap the worm, but do no damage.
The worm is heavily wounded.
Unknown command.
Unknown command.
Unknown command.
Unknown command.
ATTACKING (1,0)
You hit the worm.
The worm is severely wounded.
The worm bites you.
You die...

..# #..## #....## #####
...(... ## #...# ...(. .##
#...# .(. .. #)..# ##)#
####.#####...####(.#..#.
#.............dwS)...(...
#.....####..#####........
#......#.................
###...........#######......
..##.##.%.....# #.##..
#.#..##.###.#.# .# .
#.......# ..#... ##
.....#####.##..#.
##.######.. ##.# .


You could see a worm and an adder.

Table legend:
 A = Turns spent in this place as a percentage of turns spent in the entire game.
 B = Non-inter-level travel turns spent in this place as a percentage of non-inter-level travel turns spent in the entire game.
 C = Inter-level travel turns spent in this place as a percentage of turns spent in this place.
 D = Turns resting spent in this place as a percentage of non-inter-level travel turns spent in this place.
 E = Turns spent auto-exploring this place as a percentage of non-inter-level travel turns spent in this place.
 F = Non-inter-level travel turns spent in this place divided by the number of levels of this place that you've seen.
                   A       B       C       D       E      F
               +-------+-------+-------+-------+-------+----------------------
         Total | 100.0 | 100.0 |   0.0 |   0.6 |   2.6 | 644.5
       Dungeon | 100.0 | 100.0 |   0.0 |   0.6 |   2.6 | 644.5
               +-------+-------+-------+-------+-------+----------------------

Table legend:
 A = Kills in this place as a percentage of kills in entire the game.
 B = Kills by you in this place as a percentage of kills by you in the entire game.
 C = Kills by friends in this place as a percentage of kills by friends in the entire game.
 D = Other kills in this place as a percentage of other kills in the entire game.
 E = Experience gained in this place as a percentage of experience gained in the entire game.
 F = Experience gained in this place divided by the number of levels of this place that you have seen.
                   A       B       C       D       E      F
               +-------+-------+-------+-------+-------+----------------------
         Total | 100.0 | 100.0 |  -nan |  -nan | 100.0 |  32.5
       Dungeon | 100.0 | 100.0 |  -nan |  -nan | 100.0 |  32.5
               +-------+-------+-------+-------+-------+----------------------

Vanquished Creatures
  3 gnolls (D:2)
  2 giant cockroaches (D:1)
  2 hobgoblins (D:1)
  4 goblins
  3 jackals (D:1)
  2 kobolds (D:1)
  4 rats
20 creatures vanquished.

Notes
Turn   | Place    | Note
--------------------------------------------------------------
     0 | D:1      | gw the Draconian Monk began the quest for the Orb.
     0 | D:1      | Reached XP level 1. HP: 19/19 MP: 1/1
   512 | D:1      | Reached XP level 2. HP: 20/26 MP: 2/2
   821 | D:1      | You fall through a shaft!
   862 | D:2      | Reached XP level 3. HP: 20/31 MP: 3/3
   869 | D:2      | HP: 1/31 [gnoll/spear (9)]
   870 | D:2      | Reached skill level 1 in Throwing
   880 | D:2      | Slain by a worm

Action                   || total
-------------------------++-------
Melee: Unarmed           ||    68
Throw: Stone             ||    49

Vault maps used:
D:1:      evilmike_arrival_plus, nrook_mini_backslash
D:2:      grunt_decor_clamped
